 Dungeon Crawl Stone Soup version 0.31-a0-631-g285b096dc4 (webtiles) character file.

Game seed: 16032832996581300931

70 Crownlay the Chopper (level 4, -1/40 HPs)
             Began as a Hill Orc Monk on Aug 26, 2023.
             Slain by Terence
             ... wielding a +0 mace
              (10 damage)
             ... on level 2 of the Dungeon.
             The game lasted 00:02:08 (1211 turns).

Crownlay the Chopper (Hill Orc Monk)                Turns: 1211, Time: 00:02:09

Health: -1/40      AC:  2    Str: 15    XL:     4   Next: 21%
Magic:  4/4        EV: 12    Int: 10    God:
Gold:   37         SH:  0    Dex: 13    Spells: 3/3 levels left

rFire   . . .        a - +0 hand axe
rCold   . . .        d - orb {light}
rNeg    . . .        b - +0 robe
rPois   .            (no helmet)
rElec   .            (no cloak)
rCorr   .            (no gloves)
SInv    .            (no boots)
Will    .....        (no amulet)
Stlth   +            (no ring)
HPRegen 0.26/turn    (no ring)
MPRegen 0.09/turn

%: no passive effects
@: glowing
A: no striking features
a: no special abilities


You were on level 2 of the Dungeon.
You visited 1 branch of the dungeon, and saw 2 of its levels.

You collected 63 gold pieces.
You spent 26 gold pieces at shops.

Inventory:

Hand Weapons
 a - a +0 hand axe (weapon)
Armour
 b - a +0 robe (worn)
 d - an orb of light (worn)
Scrolls
 e - a scroll of silence {unknown}
 g - 2 scrolls of identify
Potions
 c - a potion of ambrosia
 f - a potion of lignification {unknown}
 h - a potion of attraction {unknown}
 i - a potion of mutation {unknown}
 j - a potion of curing {unknown}


   Skills:
 + Level 4.2 Fighting
 - Level 5.0(5.4) Axes
 * Level 2.6(3.8) Polearms
 - Level 2.4 Dodging


You had 3 spell levels left.
You didn't know any spells.
Your spell library was empty.

Dungeon Overview and Level Annotations

Branches:
Dungeon (2/15)

Altars:

Shops:
D:1 *

Annotations:
D:2 Terence


Message History

Terence is nearby!
Found a ruby potion.
You have nothing you can fire or use right now.
Unknown command.
You aren't carrying any items that you can evoke.
Unknown command.
Terence hits you with a +0 mace.
You hit Terence.
Terence is lightly wounded.
Terence hits you with a +0 mace!
You hit Terence.
Terence is lightly wounded.
Terence hits you with a +0 mace.
You hit Terence but do no damage.
Terence is lightly wounded.
Terence misses you.
You hit Terence but do no damage.
Terence is lightly wounded.
Terence hits you with a +0 mace.
You barely miss Terence.
Terence is lightly wounded.
Terence hits you with a +0 mace.
You hit Terence but do no damage.
Terence is lightly wounded.
Terence barely misses you.
You hit Terence.
Terence is lightly wounded.
Terence says, "Rest in peace."
Terence hits you with a +0 mace!
* * * LOW HITPOINT WARNING * * *
You hit Terence but do no damage.
Terence is lightly wounded.
Terence misses you.
You hit Terence but do no damage.
Terence is lightly wounded.
Terence hits you but does no damage.
You hit Terence.
Terence is heavily wounded.
Terence hits you with a +0 mace!
You die...

### ##.## ##...#
####### #..#(#
#.....# #.##.#
#.....# ..##.####
#.....## ........####
#..@@..#####
..###.#....#
#.####.....# ..#
#..###.###.####.....#
..# ##.#
#...........@..# ..#
#.# #####.####.....#
..# #.### #.# #.....#
..# #.†.#####<#
######.. ..#
###...##)†# ... ..#
###.#..## !.


You could see Terence.

Vanquished Creatures
  4 gnolls (D:2)
  A dart slug (D:1)
  5 ball pythons
  3 bats
  2 giant cockroaches
  A goblin (D:1)
  2 hobgoblins
  A quokka (D:1)
  2 frilled lizards (D:2)
  7 kobolds
  6 rats
34 creatures vanquished.

Notes
Turn   | Place    | Note
-------+----------+-------------------------------------------
     0 | D:1      | Crownlay the Hill Orc Monk began the quest for the Orb.
     0 | D:1      | Reached XP level 1. HP: 19/19 MP: 1/1
   260 | D:1      | Reached XP level 2. HP: 23/26 MP: 2/2
   304 | D:1      | Found Emyec's General Store.
   308 | D:1      | Bought a scroll of identify for 26 gold pieces
   473 | D:1      | Found a faded altar of an unknown god.
   508 | D:1      | Reached skill level 5 in Axes
   591 | D:1      | Reached skill level 1 in Polearms
   874 | D:2      | Reached XP level 3. HP: 26/33 MP: 3/3
  1119 | D:2      | Reached XP level 4. HP: 35/40 MP: 4/4
  1193 | D:2      | Noticed Terence
  1211 | D:2      | Slain by Terence

Illustrated notes

Levels and vault maps discovered:
D:1:      grunt_arrival_crossed_arrows, layout_basic,
          shapermc_ecumenical_altar_mp_highgroup, serial_shops, shop
D:2:      layout_rooms, uniq_terence

Skill      XL: |  1  2  3 |
---------------+----------+-----
Axes           | 5 |  5.0
Polearms       | 1 2 |  2.6
Fighting       | 4 |  4.2
Dodging        | |  2.4

Action                     |  1- 3 |  4- 6 || total
---------------------------+-------+-------++-------
  Melee: Hand axe          |    76 |    16 ||    92
 Armour: Robe              |    17 |     4 ||    21
  Dodge: Dodged            |    53 |     4 ||    57

Table legend: (Time is in decaauts)
 A = Elapsed time spent in this place.
 B = Non-inter-level travel time spent in this place.
 C = Inter-level travel time spent in this place.
 D = Time resting spent in this place.
 E = Time spent auto-exploring this place.
 F = Levels seen in this place.
 G = Mean time per level.
                   A        B        C        D        E       F      G
               +--------+--------+--------+--------+--------+-----+--------+
         Total |   1215 |   1148 |     67 |      0 |    891 |   2 |  607.5 |
       Dungeon |   1215 |   1148 |     67 |      0 |    891 |   2 |  607.5 |
               +--------+--------+--------+--------+--------+-----+--------+

Top non-repeatable levels by time:
     D:1: 940 daAuts
     D:2: 275 daAuts
